 Dungeon Crawl Stone Soup version 0.28.0-53-g5a82cb258f (webtiles) character file.

Game seed: 3130720475184955358

1841 nickcage the Destroyer (level 8, -22/41 HPs)
             Began as a Deep Elf Conjurer on June 27, 2022.
             Was a Believer of Sif Muna.
             Annihilated by a large slime creature (38 damage)
             ... on level 7 of the Dungeon.
             The game lasted 00:30:08 (7399 turns).

nickcage the Destroyer (Deep Elf Conjurer)          Turns: 7399, Time: 00:30:08

Health: -22/41     AC: 10    Str:  4    XL:     8   Next: 87%
Magic:  7/19       EV: 12    Int: 26    God:    Sif Muna [**....]
Gold:   461        SH:  0    Dex: 13    Spells: 7/20 levels left

rFire   . . .      SeeInvis .   k - +2 whip (venom)
rCold   . . .      Faith    .   (no shield)
rNeg    . . .      Spirit   .   a - +0 robe
rPois   +          Reflect  .   (no helmet)
rElec   .          Harm     .   q - +2 cloak
rCorr   .          Rampage  .   d - +0 pair of gloves
Will    .....                   (no boots)
Stlth   ++........              (no amulet)
HPRegen 0.13/turn               l - ring of poison resistance
MPRegen 0.16/turn               m - +4 ring of protection

@: no status effects
A: no striking features
a: Renounce Religion, Channel Magic


You were on level 7 of the Dungeon.
You worshipped Sif Muna.
Sif Muna was pleased with you.
You visited 1 branch of the dungeon, and saw 7 of its levels.
You also visited: Ossuary.

You collected 461 gold pieces.

Inventory:

Hand Weapons
 c - a +0 dagger
 k - a +2 whip of venom (weapon)
Armour
 a - a +0 robe (worn)
 d - a +0 pair of gloves (worn)
 q - a +2 cloak (worn)
Jewellery
 l - a ring of poison resistance (left hand)
 m - a +4 ring of protection (right hand)
 p - a ring of resist corrosion
Wands
 o - a wand of flame (14)
Scrolls
 b - a scroll of silence {unknown}
 r - a scroll of enchant weapon {unknown}
 t - 3 scrolls of identify
 u - 4 scrolls of enchant armour {unknown}
 v - a scroll of amnesia {unknown}
Potions
 e - 3 potions of might {unknown}
 f - a potion of haste
 g - 2 potions of brilliance {unknown}
 h - a potion of magic
 i - a potion of degeneration
 j - 4 potions of curing
 n - a potion of berserk rage
 s - a potion of heal wounds
 w - 4 potions of mutation {unknown}


   Skills:
 - Level 2.4 Dodging
 - Level 2.4 Stealth
 + Level 6.6 Spellcasting
 + Level 10.5 Conjurations
 - Level 5.0 Hexes
 * Level 4.5 Translocations


You had 7 spell levels left.
You knew the following spells:

 Your Spells              Type           Power      Damage    Failure   Level
a - Magic Dart            Conj           100%       1d8       1%          1
b - Searing Ray           Conj           100%       2d8       1%          2
c - Fulminant Prism       Conj/Hex       24%        3d13      2%          4
d - Iskenderun's Mystic   Conj/Tloc      47%        2d10      3%          4
e - Blink                 Tloc           64%        N/A       1%          2

Your spell library contained the following spells:

 Spells                   Type           Power      Damage    Failure   Level
 Dazzling Flash           Conj/Hex       98%        N/A       1%          3
 Corpse Rot               Necr/Air       16%        N/A       10%         2
 Poisonous Vapours        Pois/Air       16%        N/A       10%         2
 Manifold Assault         Tloc           32%        N/A       28%         5
 Storm Form               Tmut/Air       4%         N/A       100%        7


Dungeon Overview and Level Annotations

Branches:
Dungeon (7/15)             Temple (0/1) D:7         Ossuary (visited)

Altars:
Ashenzari
Kikubaaqudgha
Makhleb
Nemelex Xobeh
Sif Muna
Uskayaw
Vehumet
The Shining One

Shops:
D:1 [


Message History

Casting: Searing Ray (safe; 1% risk of failure)
Confirm with . or Enter, or press ? or * to list all spells.
Aiming: Fulminant Prism (dangerous; 2% risk of failure)
Press: ? - help, Dir - move target You conjure a prism of explosive energy!
The slime creature quivers. x2
A fulminant prism comes into view.
The searing ray hits the slime creature!
The slime creature is lightly wounded. (Press . to maintain the ray.)
Your fulminant prism crackles loudly.
The searing ray hits the slime creature!
The slime creature is moderately wounded.
Your fulminant prism explodes!
The blast of energy engulfs the slime creature!!
The slime creature is severely wounded.
The blast of energy engulfs the slime creature!!
The slime creature is heavily wounded.
The searing ray hits the slime creature!
The slime creature is almost dead.
The searing ray hits the slime creature.
The slime creature is heavily wounded.
The searing ray hits the slime creature.
The slime creature is almost dead.
The searing ray hits the slime creature!
The slime creature is severely wounded.
You finish channelling your searing ray.
Two slime creatures merge to form a large slime creature.
The searing ray hits the large slime creature.
The large slime creature is almost dead. (Press . to maintain the ray.)
The searing ray hits the large slime creature!
The large slime creature is almost dead.
The large slime creature hits you!!
Ouch! That really hurt!
The searing ray hits the large slime creature.
The large slime creature is almost dead.
The large slime creature hits you!!!
Ouch! That really hurt!
You die...

... .. .. #J #..
..# ## #J##
#.###@# ###
#.#.## ..# ##.##
## #.# #..# (#
#^# ###'### .#
#.# #(....#
.#####.####.⌠.⌠.#
.......##.'..>..+
..........#.⌠.⌠.#


You could see a large slime creature and a slime creature.

Vanquished Creatures
  A manticore (D:7)
  An orc warrior (D:4)
  A sky beast (D:7)
  A black bear (D:5)
  A necrophage (D:6)
  3 ogres (D:5)
  A phantom (D:6)
  2 water moccasin zombies (Ossuary)
  3 centaur skeletons
  2 orc priests
  2 iguanas
  6 orc wizards
  2 mummies (Ossuary)
  A howler monkey skeleton (D:5)
  7 gnolls
  7 adders
  A white imp (D:6)
  An ufetubus (D:7)
  An adder skeleton (D:4)
  6 adder zombies (Ossuary)
  A worm (D:2)
  6 dart slugs
  21 orcs
  5 ball pythons
  5 bats
  6 endoplasms
  4 giant cockroaches
  3 goblins
  6 hobgoblins
  6 jackals
  4 kobolds
  6 quokkas
  A frilled lizard (D:2)
  3 gnoll zombies (Ossuary)
  4 hobgoblin zombies (Ossuary)
  5 kobold zombies (Ossuary)
  5 orc zombies (Ossuary)
  8 rats
149 creatures vanquished.

Vanquished Creatures (others)
  10 fulminant prisms
  5 fungi (D:3)
  4 toadstools (D:3)
19 creatures vanquished.

Grand Total: 168 creatures vanquished

Notes
Turn   | Place    | Note
-------+----------+-------------------------------------------
     0 | D:1      | nickcage the Deep Elf Conjurer began the quest for the Orb.
     0 | D:1      | Reached XP level 1. HP: 10/10 MP: 6/6
    32 | D:1      | Found Affeziew's Antique Armour Shop.
   182 | D:1      | Reached XP level 2. HP: 15/15 MP: 2/8
   184 | D:1      | Reached skill level 5 in Conjurations
   351 | D:1      | Learned a level 2 spell: Searing Ray
   379 | D:1      | Found a faded altar of an unknown god.
   829 | D:2      | Reached XP level 3. HP: 19/19 MP: 3/9
  1112 | D:2      | Reached skill level 6 in Conjurations
  1112 | D:2      | Reached XP level 4. HP: 24/24 MP: 4/11
  1711 | D:3      | Found a burning altar of Makhleb.
  1871 | D:3      | Reached XP level 5. HP: 28/28 MP: 3/13
  2013 | D:3      | Found a shimmering blue altar of Sif Muna.
  2017 | D:3      | Became a worshipper of Sif Muna the Loreminder
  2287 | D:3      | Learned a level 4 spell: Fulminant Prism
  2292 | D:3      | Learned a level 4 spell: Iskenderun's Mystic Blast
  2622 | D:3      | Found a glowing golden altar of the Shining One.
  2907 | D:4      | Reached skill level 5 in Spellcasting
  2999 | D:4      | Reached skill level 7 in Conjurations
  2999 | D:4      | Reached skill level 1 in Hexes
  3431 | D:4      | Reached XP level 6. HP: 23/32 MP: 8/15
  3789 | D:4      | Noticed an orc warrior
  4206 | D:4      | Learned a level 2 spell: Blink
  4278 | D:4      | Killed an orc warrior
  4279 | D:4      | Reached skill level 1 in Translocations
  4518 | D:5      | Entered Level 5 of the Dungeon
  4612 | D:5      | Reached XP level 7. HP: 36/36 MP: 5/16
  4679 | D:5      | Reached skill level 8 in Conjurations
  4740 | D:5      | Found a radiant altar of Vehumet.
  4740 | D:5      | Found a broken altar of Ashenzari.
  5042 | D:5      | Found a hide-covered altar of Uskayaw.
  5300 | D:5      | Found an ancient bone altar of Kikubaaqudgha.
  5305 | D:5      | Found a sparkling altar of Nemelex Xobeh.
  5730 | D:6      | Reached skill level 9 in Conjurations
  5803 | D:6      | Reached XP level 8. HP: 41/41 MP: 12/17
  5808 | D:6      | Found a sand-covered staircase.
  5816 | Ossuary  | Entered an ossuary
  5820 | Ossuary  | Reached * piety under Sif Muna
  6575 | D:6      | Reached ** piety under Sif Muna
  6578 | D:6      | Reached skill level 5 in Hexes
  7183 | D:7      | Reached skill level 10 in Conjurations
  7309 | D:7      | Found a staircase to the Ecumenical Temple.
  7319 | D:7      | Noticed a manticore
  7319 | D:7      | Noticed a slime creature
  7332 | D:7      | Killed a manticore
  7391 | D:7      | Noticed a slime creature
  7391 | D:7      | Noticed a slime creature
  7399 | D:7      | Annihilated by a large slime creature

Illustrated notes

Levels and vault maps discovered:
D:1:      heliophobic_arrival_battle_scene, layout_basic,
          ebering_ecumenical_altar_webs, serial_shops, shop
D:2:      layout_rooms
D:3:      layout_basic, lemuel_tele_altar, nicolae_sif_muna_little_library,
          tso_altar, chequers_serial_rivers_room_b, minmay_gold_behind_fungi
D:4:      layout_loops_ring
D:5:      layout_loops_ring, mainiacjoe_overflow_big_doors,
          mainiacjoe_overflow_alcove_1,
          chequers_temple_overflow_statue_of_worship
D:6:      layout_loops_ring, lightli_ossuary_entry_decrepit_ruins
D:7:      layout_loops_ring, nicolae_qazlal_eye_of_the_storm,
          minmay_temple_entry_hall, minivault_10, minmay_the_grid_2x2
          [minmay_the_grid_doors, minmay_the_grid_outer_diamond,
          minmay_the_grid_broken_lines, minmay_the_grid_prize_shrinking_boxes]

Skill      XL: |  1  2  3  4  5  6  7  8 |
---------------+-------------------------+-----
Conjurations   | 5 6 7 9 10 | 10.5
Spellcasting   | 4 5 6 |  6.6
Hexes          | 1 3 4 5 |  5.0
Translocations | 1 3 4 |  4.5
Dodging        | |  2.4
Stealth        | |  2.4

Action                   |  1- 3 |  4- 6 |  7- 9 || total
-------------------------+-------+-------+-------++-------
Melee: Whip              |       |    11 |       ||    11
       Punch             |       |     1 |       ||     1
 Cast: Magic Dart        |    58 |   129 |    51 ||   238
       Searing Ray       |       |    10 |    30 ||    40
       Fulminant Prism   |       |     1 |     9 ||    10
  Use: Scroll            |     1 |       |     9 ||    10
Armor: Robe              |       |     8 |    10 ||    18
Dodge: Dodged            |       |    13 |    20 ||    33
